 Dungeon Crawl Stone Soup version 0.22.0-38-g04b72b8 (webtiles) character file.

10040 gyp21 the Thaumaturge (level 11, -2/86 HPs)
             Began as a Mummy Fire Elementalist on Aug 15, 2018.
             Was an Elder of Sif Muna.
             Slain by a six-headed hydra (8 damage)
             ... on level 2 of the Lair of Beasts on Aug 28, 2018.
             The game lasted 00:48:13 (17123 turns).

gyp21 the Thaumaturge (Mummy Fire Elementalist)    Turns: 17123, Time: 00:48:14

Health: -2/86      AC:  5    Str: 11    XL:     11   Next: 31%
Magic:  19/25      EV: 18    Int: 19    God:    Sif Muna [****..]
Gold:   644        SH:  0    Dex: 12    Spells: 17/30 levels left

rFire    . . .     SeeInvis .   k - +1 arbalest (venom)
rCold    + . .     Gourm    .   (shield currently unavailable)
rNeg     + + +     Faith    .   a - +0 robe
rPois    ∞         Spirit   .   s - +1 helmet
rElec    .         Reflect  .   c - +0 cloak (curse)
rCorr    .         Harm     .   (no gloves)
MR       +....                  (no boots)
Stlth    ++........             (no amulet)
HPRegen  0.24/turn              b - ring of protection from fire
MPRegen  0.19/turn              g - +3 ring of evasion

@: no status effects
A: no food or potions, fire vulnerability, cold resistance 1, negative energy
resistance 3, torment resistance, unbreathing
a: Divine Energy, Channel Magic, Forget Spell, Renounce Religion


You were on level 2 of the Lair of Beasts.
You worshipped Sif Muna.
Sif Muna was greatly pleased with you.
You were not hungry.

You visited 2 branches of the dungeon, and saw 12 of its levels.
You also visited: Bailey.

You collected 644 gold pieces.

Inventory:

Hand Weapons
 d - a +0 hunting sling
 k - a +1 arbalest of venom (weapon)
 q - a +1 whip of flaming
 u - the +9 hunting sling of the Moon {freeze, +Fly}
   (You found it on level 9 of the Dungeon)

   It causes projectiles fired from it to freeze those they strike, causing
   extra injury to most foes and up to half again as much damage against
   particularly susceptible opponents.
   They can also slow down cold-blooded creatures.
   It lets you fly.
Missiles
 f - 284 stones
 h - 63 sling bullets
 p - 157 bolts (quivered)
Armour
 a - a +0 robe (worn)
 c - a cursed +0 cloak (worn)
 s - a +1 helmet (worn)
 y - a cursed +0 buckler
Jewellery
 b - a ring of protection from fire (left hand)
 g - a +3 ring of evasion (right hand)
 j - an uncursed ring of see invisible
 x - an uncursed ring of protection from fire
 A - an uncursed ring of resist corrosion {unknown}
 B - an uncursed ring of protection from cold {unknown}
Wands
 n - a wand of paralysis (25)
 r - a wand of iceblast (17)
 w - a wand of acid (6)
 z - a wand of random effects (19)
Scrolls
 e - 12 scrolls of remove curse
 i - 5 scrolls of teleportation
 l - 10 scrolls of identify
 m - 3 scrolls of enchant armour
 o - a scroll of blinking
 t - a scroll of acquirement {unknown}
 v - a scroll of fear


   Skills:
 + Level 8.0 Fighting
 + Level 6.9 Dodging
 - Level 1.5 Stealth
 + Level 10.0 Spellcasting
 + Level 6.6 Conjurations
 + Level 7.2 Fire Magic


You had 17 spell levels left.
You knew the following spells:

 Your Spells              Type           Power        Failure   Level  Hunger
a - Flame Tongue          Conj/Fire      #####        1%          1    N/A
b - Conjure Flame         Conj/Fire      #####...     1%          3    N/A
c - Sticky Flame          Conj/Fire      #####...     4%          4    N/A
d - Fireball              Conj/Fire      #####.....   12%         5    N/A

Your spell library contained the following spells:

 Spells                   Type           Power        Failure   Level  Hunger
 Sting                    Conj/Pois      ###.         1%          1    N/A
 Throw Flame              Conj/Fire      #####.       1%          2    N/A
 Inner Flame              Hex/Fire       ###.....     4%          3    N/A
 Mephitic Cloud           Conj/Pois/Air  ###.....     9%          3    N/A
 Poisonous Vapours        Pois/Air       #.....       11%         2    N/A
 Recall                   Summ/Tloc      N/A          22%         3    N/A
 Irradiate                Conj/Tmut      ###.......   45%         5    N/A
 Venom Bolt               Conj/Pois      ###.......   45%         5    N/A
 Animate Dead             Necr           N/A          58%         4    N/A
 Olgreb's Toxic Radiance  Pois           #.......     58%         4    N/A
 Borgnjor's Vile Clutch   Necr/Erth      #.........   90%         5    N/A
 Death Channel            Necr           #.........   100%        6    N/A
 Simulacrum               Ice/Necr       #.........   100%        6    N/A
 Hydra Form               Tmut           Unusable     N/A         6    N/A
 Statue Form              Tmut/Erth      Unusable     N/A         6    N/A
 Dragon Form              Tmut           Unusable     N/A         7    N/A

Dungeon Overview and Level Annotations

Branches:
Dungeon (10/15)            Temple (0/1) D:6            Lair (2/6) D:8
 Spider (0/4) Lair:2
  Swamp: Lair:2-4    Shoals: Lair:2-4       Orc: D:9-12

Altars:
Ashenzari
Elyvilon
Fedhas
Kikubaaqudgha
Makhleb
Nemelex Xobeh
Okawaru
Sif Muna

Shops:
D:9 %   D:10 *

Annotations:
D:8 3 runed doors, Rayvis's ghost, novice FeCj


Innate Abilities, Weirdness & Mutations

You do not eat or drink.
Your flesh is vulnerable to fire.
You are immune to poison.
Your flesh is cold resistant. (rC+)
You are immune to negative energy. (rN+++)
You are immune to unholy pain and torment.
You can survive without breathing.


Message History

The six-headed hydra burns!
The six-headed hydra burns!
The six-headed hydra burns!
The six-headed hydra burns!
The six-headed hydra burns!
The six-headed hydra stops burning.
Casting: Sticky Flame (safe; 4% risk of failure)
Confirm with . or Enter, or press ? or * to list all spells.
Aiming: Sticky Flame (safe; 4% risk of failure)
Press: ? - help, Shift-Dir - straight line, f/p - six-headed hydra
Aim: a six-headed hydra (severely wounded)
The sticky flame hits the six-headed hydra.
The six-headed hydra is severely wounded.
The six-headed hydra is covered in liquid flames!
The six-headed hydra burns!
The six-headed hydra bites you! x2
The six-headed hydra misses you. The six-headed hydra bites you!
* * * LOW HITPOINT WARNING * * *
The six-headed hydra bites you!
* * * LOW HITPOINT WARNING * * *
The six-headed hydra bites you!
You die...

...##.......#.#.P..........## #..
#(..........##..##.........####..
##.............###..........##...
##P...........#.##.......##.#...
##............##.#P....####....
##.####..#...######.##.# #....
### #P.#....### ########....
##.##.D...#### #......
#......@.....## ##.....
#..............####......
P.................##.....
##................P#.#<...
##.................P###....
#.<.P#...........#### #....
#....#####.......#÷######P....
#...## ###..#........... ... #..
#####........## #..


You could see a six-headed hydra (burning).

Vanquished Creatures
  A two-headed ogre (D:10)
  Pikel (D:8)
  5 spiny frogs
  A kobold demonologist (D:9)
  A hornet (D:10)
  3 hippogriffs
  A wraith (D:10)
  A yak (D:7)
  2 hogs (D:7)
  A human (D:6)
  Grum (D:9)
  2 basilisks
  3 wargs (D:8)
  5 water moccasins
  7 porcupines
  2 orc warriors (Bailey)
  2 black bears
  An ice beast (D:10)
  A slave (D:8)
  A hornet zombie (D:10)
  6 ogres
  2 wolves (D:9)
  4 centaurs
  4 crocodiles (Lair:1)
  5 bullfrogs
  A gnoll sergeant (D:6)
  A wyvern zombie (D:10)
  A wyvern skeleton (D:10)
  A water moccasin skeleton (D:8)
  A scorpion (D:5)
  4 wights (D:8)
  2 howler monkeys
  3 crimson imps
  2 centaur skeletons (D:4)
  8 bullfrog skeletons
  3 orc priests (D:8)
  A hound (D:4)
  2 jellies
  3 orc wizards
  3 iguanas
  5 worker ants
  11 adders
  10 gnolls
  A shadow imp (D:10)
  3 oozes (D:1)
  2 adder zombies
  An adder skeleton (D:4)
  A worm (D:3)
  5 leopard geckos
  30 orcs
  3 ball pythons
  8 bats
  9 giant cockroaches
  9 goblins
  8 hobgoblins
  18 jackals
  7 kobolds
  2 quokkas
  6 frilled lizards
  7 rats
245 creatures vanquished.

Vanquished Creatures (others)
  A centaur skeleton (D:8)
  A plant (D:8)
2 creatures vanquished.

Grand Total: 247 creatures vanquished

Notes
Turn   | Place    | Note
-------+----------+-------------------------------------------
     0 | D:1      | gyp21 the Mummy Fire Elementalist began the quest for the Orb.
     0 | D:1      | Reached XP level 1. HP: 13/13 MP: 4/4
   119 | D:1      | Reached skill level 1 in Conjurations
   155 | D:1      | Reached XP level 2. HP: 20/20 MP: 3/5
   239 | D:1      | Reached skill level 3 in Spellcasting
   717 | D:1      | Reached skill level 1 in Fighting
   732 | D:1      | Reached XP level 3. HP: 26/26 MP: 0/7
  1543 | D:2      | Reached XP level 4. HP: 28/32 MP: 5/9
  2586 | D:2      | Learned a level 3 spell: Conjure Flame
  2591 | D:2      | Learned a level 4 spell: Sticky Flame
  2707 | D:3      | Reached XP level 5. HP: 16/38 MP: 4/10
  3179 | D:3      | Found a faded altar of an unknown god.
  3271 | D:3      | Found a deep blue altar of Sif Muna.
  3275 | D:3      | Became a worshipper of Sif Muna the Loreminder
  3284 | D:3      | Reached skill level 4 in Spellcasting
  3474 | D:4      | Found a blossoming altar of Fedhas.
  3549 | D:4      | Reached XP level 6. HP: 41/45 MP: 6/12
  3863 | D:4      | Upgraded the game from 0.22.0-6-g71bd7aa to 0.22.0-32-gbc6daba
  4387 | D:5      | Entered Level 5 of the Dungeon
  4487 | D:5      | Reached XP level 7. HP: 21/52 MP: 5/14
  4840 | D:5      | Reached skill level 5 in Spellcasting
  4922 | D:5      | Reached * piety under Sif Muna
  5918 | D:6      | Found a white marble altar of Elyvilon.
  6282 | D:6      | Found a shattered altar of Ashenzari.
  6471 | D:6      | Reached XP level 8. HP: 35/60 MP: 9/16
  6655 | D:6      | Found a staircase to the Ecumenical Temple.
  6738 | D:6      | Found a burning altar of Makhleb.
  6966 | D:6      | Found a sparkling altar of Nemelex Xobeh.
  7484 | D:7      | Upgraded the game from 0.22.0-32-gbc6daba to 0.22.0-38-g04b72b8
  7682 | D:7      | Reached skill level 6 in Spellcasting
  7914 | D:7      | Reached ** piety under Sif Muna
  8635 | D:7      | Reached skill level 5 in Fighting
  8892 | D:7      | Reached skill level 5 in Fire Magic
  9120 | D:8      | Reached XP level 9. HP: 62/68 MP: 11/19
  9183 | D:8      | Found a flagged portal.
  9193 | Bailey   | Entered a bailey
 10003 | Bailey   | HP: 2/68 [orc warrior (6)]
 10005 | Bailey   | Reached skill level 7 in Spellcasting
 10455 | Bailey   | HP: 2/68 [orc warrior/bolt (10)]
 10964 | D:8      | Found an iron altar of Okawaru.
 11179 | D:8      | Found a runed gate.
 11179 | D:8      | Found a runed gate.
 11180 | D:8      | Found a runed gate.
 11295 | D:8      | Reached skill level 5 in Dodging
 11506 | D:8      | Found a staircase to the Lair.
 11565 | D:8      | Learned a level 5 spell: Fireball
 11706 | D:8      | Noticed Pikel
 11725 | D:8      | Killed Pikel
 11725 | D:8      | Reached skill level 5 in Conjurations
 11859 | D:8      | Reached *** piety under Sif Muna
 11866 | D:8      | Reached skill level 8 in Spellcasting
 12216 | D:8      | Noticed Rayvis's ghost (novice FeCj)
 12485 | D:9      | Found an ancient bone altar of Kikubaaqudgha.
 12867 | D:9      | Got a translucent hunting sling
 12868 | D:9      | Identified the +9 hunting sling of the Moon {freeze, +Fly} (You found it on level 9 of the Dungeon)
 12955 | D:9      | Found Hoilunur's Food Emporium.
 12967 | D:9      | Noticed Grum
 12976 | D:9      | Reached XP level 10. HP: 77/77 MP: 14/22
 12987 | D:9      | Killed Grum
 13477 | D:10     | Entered Level 10 of the Dungeon
 14300 | D:10     | Noticed a two-headed ogre
 14306 | D:10     | Killed a two-headed ogre
 14306 | D:10     | Reached skill level 9 in Spellcasting
 14491 | D:10     | Reached **** piety under Sif Muna
 14661 | D:10     | Found Mephit's Assorted Antiques.
 14816 | D:10     | Noticed a phantasmal warrior
 15141 | Lair:1   | Entered Level 1 of the Lair of Beasts
 15600 | Lair:1   | Noticed a spiny frog
 15608 | Lair:1   | Killed a spiny frog
 15608 | Lair:1   | Reached XP level 11. HP: 53/84 MP: 10/24
 16425 | Lair:2   | Found a hole to the Spider Nest.
 16838 | Lair:2   | Reached skill level 10 in Spellcasting
 17107 | Lair:2   | Noticed a six-headed hydra
 17123 | Lair:2   | Slain by a six-headed hydra

Skill      XL: |  1  2  3  4  5  6  7  8  9 10 11 |
---------------+----------------------------------+-----
Conjurations   | 1 2 3 4 5 6 |  6.6
Spellcasting   | 3 4 5 6 8 9 10 | 10.0
Fighting       | 1 2 3 5 6 7 8 |  8.0
Dodging        | 2 3 4 5 6 |  6.9
Fire Magic     | 3 4 5 6 7 |  7.2
Stealth        | |  1.5

Action                   |  1- 3 |  4- 6 |  7- 9 | 10-12 || total
-------------------------+-------+-------+-------+-------++-------
Melee: Unarmed           |     2 |       |       |       ||     2
 Fire: Hunting sling     |    16 |   106 |   369 |    96 ||   587
       Arbalest          |       |       |    98 |    48 ||   146
 Cast: Flame Tongue      |    52 |    69 |   151 |    50 ||   322
       Sticky Flame      |       |     1 |    33 |    35 ||    69
       Conjure Flame     |       |       |       |     1 ||     1
  Use: Scroll            |       |       |    11 |     4 ||    15
Armor: Robe              |     9 |     5 |    48 |    13 ||    75
Dodge: Dodged            |    25 |    61 |   369 |   123 ||   578
